 Dungeon Crawl Stone Soup version 0.27-a0-1187-ge80a49f48c (webtiles) character file.

Game seed: 4568028645862842200

81 DasRunzen the Ducker (level 4, -3/29 (36) HPs)
             Began as a Demigod Gladiator on May 20, 2021.
             Slain by Ijyb
             ... wielding a +1 dagger of draining
              (6 damage)
             ... on level 3 of the Dungeon.
             The game lasted 00:02:36 (1871 turns).

DasRunzen the Ducker (Demigod Gladiator)            Turns: 1871, Time: 00:02:36

HP:   -3/29 (36)    AC:  5    Str: 15    XL:     4   Next: 0%
MP:   7/7           EV: 12    Int: 14    God:
Gold: 61            SH:  0    Dex: 15    Spells: 4/4 levels left

rFire    . . .     SeeInvis .   a - +0 trident
rCold    . . .     Faith    .   (no shield)
rNeg     . . .     Spirit   .   b - +0 leather armour
rPois    .         Reflect  .   c - +1 helmet
rElec    .         Harm     .   (no cloak)
rCorr    .         Rampage  .   (no gloves)
Will     .....                  (no boots)
Stlth    +.........             (no amulet)
HPRegen  0.09/turn              (no ring)
MPRegen  0.10/turn              (no ring)

@: flying, heavily drained
A: high mp 1, forlorn
a: no special abilities


You were on level 3 of the Dungeon.
You visited 1 branch of the dungeon, and saw 3 of its levels.

You collected 61 gold pieces.

Inventory:

Hand Weapons
 a - a +0 trident (weapon)
Missiles
 d - 3 throwing nets (quivered)
Armour
 b - a +0 leather armour (worn)
 c - a +1 helmet (worn)
Scrolls
 g - a scroll of identify {unknown}
 k - a scroll of teleportation
Potions
 f - a potion of curing
 h - a potion of magic {unknown}
 i - a potion of mutation {unknown}


   Skills:
 + Level 2.3 Fighting
 + Level 3.1 Polearms
 - Level 1.7 Throwing
 + Level 1.2 Armour
 + Level 3.1 Dodging
 + Level 0.8 Spellcasting
 + Level 1.1 Hexes


You had 4 spell levels left.
You didn't know any spells.
Your spell library contained the following spells:

 Spells                   Type           Power      Damage    Failure   Level
 Confusing Touch          Hex            3%         N/A       54%         3
 Gell's Gravitas          Tloc           0%         N/A       69%         3
 Petrify                  Tmut/Erth      0%         N/A       97%         4
 Metabolic Englaciation   Hex/Ice        1%         N/A       100%        5
 Yara's Violent Unravell  Hex/Tmut       1%         3d3       100%        5


Dungeon Overview and Level Annotations

Branches:
Dungeon (3/15)

Annotations:
D:3 3 runed translucent doors, Ijyb


Innate Abilities, Weirdness & Mutations

Your attributes grow dramatically as you level up.
You have an increased reservoir of magic. (+10% MP)
You shall have no god before yourself.


Message History

There is an open door here.
You start resting.
Ijyb is nearby!
Ijyb shouts!
There is an open door here.
You hit Ijyb.
Ijyb is lightly wounded.
Ijyb misses you.
You hit Ijyb but do no damage.
Ijyb is lightly wounded.
Ijyb screams, "Get away!"
Ijyb hits you with a +1 dagger of draining.
You feel drained.
You barely miss Ijyb.
Ijyb is lightly wounded.
Ijyb zaps a wand.
The puff of flame hits you.
You puncture Ijyb!
Ijyb is heavily wounded.
Ijyb screams, "Level is mine!
All mine!"
Ijyb drinks a potion.
Ijyb goes berserk!
You closely miss Ijyb.
Ijyb is heavily wounded.
Ijyb hits you with a +1 dagger of draining!
You feel drained. Ijyb barely misses you.
You are too injured to fight recklessly!
You hit Ijyb.
Ijyb is heavily wounded.
Ijyb hits you with a +1 dagger of draining.
* * * LOW HITPOINT WARNING * * *
You feel drained.
* * * LOW HITPOINT WARNING * * *
It was a potion of flight.
You feel very buoyant.
You fly up into the air.
Ijyb hits you with a +1 dagger of draining.
* * * LOW HITPOINT WARNING * * *
You feel drained.
* * * LOW HITPOINT WARNING * * *
Ijyb hits you with a +1 dagger of draining.
You die...

..........##...........
..........##...........
..........##...........
..g.......##...........
..........##...........
..........##...........
#.........†......#####+
#.........##g.)..#
+.........###@####
+..######## #.# +. #.#
# #.# #.# #.# #.# #.#
#.#


You could see Ijyb (berserk).

Vanquished Creatures
  A hound (D:3)
  2 adders
  An adder skeleton (D:2)
  A dart slug (D:1)
  4 ball pythons
  An endoplasm (D:1)
  2 giant cockroaches (D:2)
  4 goblins
  2 hobgoblins
  A quokka (D:1)
  2 bats (D:1)
  A frilled lizard (D:3)
  6 kobolds
  3 rats
31 creatures vanquished.

Notes
Turn   | Place    | Note
-------+----------+-------------------------------------------
     0 | D:1      | DasRunzen the Demigod Gladiator began the quest for the
                  | Orb.
     0 | D:1      | Reached XP level 1. HP: 17/17 MP: 3/3
   282 | D:1      | Reached XP level 2. HP: 22/24 MP: 4/4
  1545 | D:2      | Reached skill level 1 in Armour
  1545 | D:2      | Reached XP level 3. HP: 29/29 MP: 6/6
  1712 | D:3      | Found a runed translucent gate.
  1712 | D:3      | Found a runed translucent gate.
  1712 | D:3      | Found a runed translucent gate.
  1720 | D:3      | Noticed Ijyb
  1739 | D:3      | Reached skill level 1 in Hexes
  1741 | D:3      | Reached XP level 4. HP: 12/36 MP: 7/7
  1871 | D:3      | Slain by Ijyb

Illustrated notes

Levels and vault maps discovered:
D:1:      lightli_arrival_flooded_house, layout_basic, basic_ecumenical_altar,
          chequers_serial_rivers_micro_a
D:2:      layout_basic
D:3:      layout_basic, gammafunk_ghost_nasty_kobolds, uniq_jessica, uniq_ijyb,
          uniq_sigmund

Skill      XL: |  1  2  3 |
---------------+----------+-----
Fighting       | 2 |  2.3
Dodging        | 3 |  3.1
Armour         | 1 |  1.2
Polearms       | 3 |  3.1
Hexes          | 1 |  1.1
Throwing       | |  1.7
Spellcasting   | |  0.8

Action                   |  1- 3 |  4- 6 || total
-------------------------+-------+-------++-------
Melee: Trident           |   118 |     6 ||   124
  Use: Scroll            |     5 |       ||     5
       Potion            |     1 |     1 ||     2
 Stab: Sleeping          |     2 |       ||     2
Armor: Leather armour    |    30 |       ||    30
Dodge: Dodged            |    76 |     2 ||    78

Table legend: (Time is in decaauts)
 A = Elapsed time spent in this place.
 B = Non-inter-level travel time spent in this place.
 C = Inter-level travel time spent in this place.
 D = Time resting spent in this place.
 E = Time spent auto-exploring this place.
 F = Levels seen in this place.
 G = Mean time per level.
                   A        B        C        D        E       F      G
               +--------+--------+--------+--------+--------+-----+--------+
         Total |   1889 |   1812 |     77 |    121 |   1446 |   3 |  629.7 |
       Dungeon |   1889 |   1812 |     77 |    121 |   1446 |   3 |  629.7 |
               +--------+--------+--------+--------+--------+-----+--------+

Top non-repeatable levels by time:
     D:1: 919 daAuts
     D:2: 734 daAuts
     D:3: 234 daAuts
